 Dungeon Crawl Stone Soup version 0.26.1-11-gd32895ea62 (webtiles) character file.

Game seed: 16407095063773486599

90150 OdinFK the Unseen (level 15, -9/73 HPs)
             Began as a Felid Enchanter on May 12, 2021.
             Was the Champion of Nemelex Xobeh.
             Shot with a bolt by Saint Roka (19 damage)
             ... on level 2 of the Orcish Mines on May 14, 2021.
             The game lasted 03:46:45 (42751 turns).

OdinFK the Unseen (Felid Enchanter)                Turns: 42751, Time: 03:46:46

Health: -9/73      AC:  7    Str:  7    XL:     15   Next: 51%
Magic:  12/20      EV: 35    Int: 18    God:    Nemelex Xobeh [******]
Gold:   2251       SH:  0    Dex: 25    Spells: 7/18 levels left
                                        Lives:  0   Deaths: 4

rFire    . . .     SeeInvis +     - Unarmed
rCold    + . .     Faith    .   (shield unavailable)
rNeg     . . .     Spirit   .   (armour unavailable)
rPois    .         Reflect  .   (helmet unavailable)
rElec    .         Harm     .   (cloak unavailable)
rCorr    .         Rampage  .   (gloves unavailable)
Will     ++...                  (boots unavailable)
Stlth    ++++++++..             k - amulet of magic regeneration
HPRegen  0.22/turn              d - +6 ring of dexterity
MPRegen  0.42/turn              y - +4 ring of protection

@: quick
A: very small, no armour, no weapons or thrown items, stealth, claws 1, fangs 3,
see invisible, speed 1, shaggy fur 3, sharp paws
a: Renounce Religion, Draw Escape, Draw Destruction, Draw Summoning, Triple
Draw, Deal Four, Stack Five


You were on level 2 of the Orcish Mines.
You worshipped Nemelex Xobeh.
Nemelex Xobeh was exalted by your worship.
You visited 6 branches of the dungeon, and saw 31 of its levels.
You also visited: Ossuary, Gauntlet and Ice Cave.

You collected 3511 gold pieces.
You spent 1260 gold pieces at shops.

Inventory:

Jewellery
 d - a +6 ring of dexterity (left paw)
 k - an amulet of magic regeneration (around neck)
 l - an uncursed ring of resist corrosion
 y - a +4 ring of protection (right paw)
 A - an uncursed amulet of regeneration {unknown}
 C - an uncursed ring of ice
 J - an uncursed ring of ice
 K - a +4 ring of evasion
 L - an uncursed amulet of reflection {unknown}
 O - an uncursed amulet of the acrobat {unknown}
 Q - a +6 ring of strength
 T - an uncursed amulet of reflection {unknown}
Wands
 n - a wand of digging (13)
 s - a wand of flame (17)
 v - a wand of acid (24)
 H - a wand of iceblast (18)
 R - a wand of paralysis (8)
Scrolls
 b - 6 scrolls of immolation
 f - 2 scrolls of fear
 i - a scroll of identify
 j - 7 scrolls of amnesia
 t - 2 scrolls of teleportation
 u - 11 scrolls of remove curse
 x - 3 scrolls of blinking
 E - a scroll of torment
 F - a scroll of summoning
 G - 2 scrolls of silence
 I - 4 scrolls of fog
 M - 5 scrolls of magic mapping
 N - 2 scrolls of vulnerability
 P - a scroll of holy word
Potions
 c - 8 potions of curing
 e - 3 potions of flight
 g - 5 potions of berserk rage
 h - a potion of haste
 m - 9 potions of might
 o - 3 potions of lignification
 p - 2 potions of brilliance
 q - 7 potions of mutation
 r - 3 potions of magic
 w - 6 potions of heal wounds
 z - 4 potions of ambrosia
 B - a potion of cancellation
 D - 5 potions of attraction
Miscellaneous
 a - a phial of floods
 S - a box of beasts
 U - a condenser vane
 V - a phantom mirror


   Skills:
 + Level 12.3 Fighting
 + Level 15.5 Dodging
 + Level 20.2 Stealth
 - Level 10.0 Unarmed Combat
 - Level 2.0 Spellcasting
 - Level 3.0 Conjurations
 + Level 19.3 Hexes
 - Level 6.0 Translocations
 - Level 4.0 Ice Magic
 - Level 6.0 Invocations
 - Level 5.0 Evocations


You had 7 spell levels left.
You knew the following spells:

 Your Spells              Type           Power        Failure   Level
a - Corona                Hex            71%          0%          1
b - Ensorcelled Hibernat  Hex/Ice        86%          1%          2
c - Dazzling Flash        Conj/Hex       84%          1%          3
d - Tukima's Dance        Hex            64%          1%          3
e - Blink                 Tloc           N/A          2%          2

Your spell library contained the following spells:

 Spells                   Type           Power        Failure   Level
 Slow                     Hex            64%          0%          2
 Apportation              Tloc           46%          1%          1
 Confusing Touch          Hex            64%          1%          3
 Inner Flame              Hex/Fire       36%          1%          3
 Fulminant Prism          Conj/Hex       21%          1%          4
 Freeze                   Ice            64%          3%          1
 Gell's Gravitas          Tloc           11%          4%          3
 Lesser Beckoning         Tloc           11%          4%          3
 Teleport Other           Tloc           23%          4%          3
 Metabolic Englaciation   Hex/Ice        21%          4%          5
 Magic Dart               Conj           48%          5%          1
 Searing Ray              Conj           24%          8%          2
 Foxfire                  Conj/Fire      28%          10%         1
 Silence                  Hex/Air        18%          10%         5
 Frozen Ramparts          Ice            32%          11%         3
 Ozocubu's Armour         Ice            16%          11%         3
 Passage of Golubria      Tloc           N/A          16%         4
 Beastly Appendage        Tmut           2%           19%         1
 Sandblast                Erth           2%           19%         1
 Call Imp                 Summ           1%           26%         2
 Sublimation of Blood     Necr           0%           26%         2
 Wereblood                Tmut           1%           26%         2
 Conjure Flame            Conj/Fire      7%           28%         3
 Static Discharge         Conj/Air       7%           28%         3
 Stone Arrow              Conj/Erth      14%          28%         3
 Iskenderun's Mystic Bla  Conj/Tloc      18%          28%         4
 Mephitic Cloud           Conj/Pois/Air  5%           34%         3
 Hailstorm                Conj/Ice       14%          38%         4
 Ignite Poison            Fire/Tmut/Pois 1%           47%         3
 Spider Form              Tmut/Pois      0%           47%         3
 Ice Form                 Ice/Tmut       9%           61%         4
 Summon Ice Beast         Ice/Summ       9%           61%         4
 Sticky Flame             Conj/Fire      7%           67%         4
 Iskenderun's Battlesphe  Conj           12%          82%         5
 Airstrike                Air            0%           87%         4
 Petrify                  Tmut/Erth      1%           87%         4
 Fireball                 Conj/Fire      3%           95%         5
 Irradiate                Conj/Tmut      3%           95%         5
 Lightning Bolt           Conj/Air       3%           95%         5
 Bolt of Magma            Conj/Fire/Erth 2%           97%         5
 Alistair's Intoxication  Tmut/Pois      0%           99%         5
 Blade Hands              Tmut           0%           99%         5
 Lee's Rapid Deconstruct  Erth           0%           99%         5
 Eringya's Noxious Bog    Tmut/Pois      0%           100%        6
 Iron Shot                Conj/Erth      3%           100%        6
 Simulacrum               Ice/Necr       4%           100%        6
 Orb of Destruction       Conj           6%           100%        7
 Spellforged Servitor     Conj/Summ      3%           100%        7
 Ignition                 Fire           0%           100%        8
 Shatter                  Erth           0%           100%        9
 Tornado                  Air            0%           100%        9


Dungeon Overview and Level Annotations

Branches:
Dungeon (15/15)            Temple (1/1) D:7            Lair (6/6) D:9
 Shoals (4/4) Lair:3       Spider (3/4) Lair:2        Slime (0/5) Lair:6
    Orc (2/2) D:9             Elf (0/3) Orc:2        Vaults (0/5) D:14
Ossuary (visited)           IceCv (visited)         Gauntlet (visited)
 Depths: D:15

Altars:
Ashenzari
Cheibriados
Dithmenos
Elyvilon
Fedhas
Gozag
Hepliaklqana
Kikubaaqudgha
Makhleb
Nemelex Xobeh
Okawaru
Qazlal
Ru
Sif Muna
Trog
Uskayaw
Vehumet
Wu Jian
Xom
Yredelemnul
Zin
The Shining One
Beogh

Shops:
D:12 ?   Orc:2 }}   Shoals:2 (

Annotations:
D:3 2 transporters, H0rd4k's ghost, amateur OpTm
D:4 Grinder
D:11 Erica
Lair:4 Kirke
Lair:5 exclusion: 4 oklob plants
Shoals:2 exclusion: downstairs
Spider:1 Jorgrun
Spider:2 Asterion; Frances
Spider:3 Bai Suzhen; Mara
Orc:2 Saint Roka


Innate Abilities, Weirdness & Mutations

You cannot wear armour.
You are incapable of wielding weapons or throwing items.
Your paws allow you to move quietly. (Stealth)
You have sharp claws.
You have razor-sharp teeth.
You have supernaturally acute eyesight. (SInv)
You cover ground quickly.
Your thick and shaggy fur keeps you warm. (AC +3, rC+)
Your sharp claws are effective at attacking unaware monsters.


Message History

Saint Roka resists with almost no effort.
Saint Roka shoots a bolt.
The bolt closely misses you.
Casting: Ensorcelled Hibernation (safe; 1% risk of failure)
Confirm with . or Enter, or press ? or * to list all spells.
Aiming: Ensorcelled Hibernation (safe; 1% risk of failure)
Press: ? - help, Shift-Dir - straight line, f/p - Saint Roka
Aim: Saint Roka, wielding a +2 arbalest of flaming, wearing a +0 plate armour and quivering 7 bolts (chance to affect: 19%) Saint Roka resists with almost no effort.
Casting: Ensorcelled Hibernation (safe; 1% risk of failure)
Confirm with . or Enter, or press ? or * to list all spells.
Aiming: Ensorcelled Hibernation (safe; 1% risk of failure)
Press: ? - help, Shift-Dir - straight line, f/p - Saint Roka
Aim: Saint Roka, wielding a +2 arbalest of flaming, wearing a +0 plate armour and quivering 7 bolts (chance to affect: 19%) Saint Roka resists with almost no effort.
Saint Roka shoots a bolt.
The bolt hits you!!!
Ouch! That really hurt!
* * * LOW HITPOINT WARNING * * *
The bolt burns you!!
You die...
Your body glows with a rainbow of weird colours and disappears.

.....####.'.(#.....####.######)..
....#####.#[.#..........#### #...
...###..#.####.#####.####..# ##..
..## #..'....(.#...#....'.(# #.#
..#.##..#....#.#...#...(#..# #..
...######.[..#.##'##....##### #..
≈P###...#....#)..[[(....#.).##..#
≈## #...#.##'###)###'##.#(..#.###
## #'##.#..[##@##...#.##'###
#....#?..##.##...#....#
###########(###########
#####......((.#####
#.......8.8...(...#
#.....................#
#......##.......##......#
.o....###....o....###......
....###.....8.8..... ##....


You could see Saint Roka.

Vanquished Creatures
  Rupert (Orc:2)
  A ghost moth (Spider:3)
  5 dire elephants (Lair:6)
  A bunyip (Shoals:4)
  2 entropy weavers (Spider:2)
  Snorg (Orc:2)
  Josephine (D:9)
  2 fire dragons
  A rakshasa (D:14)
  5 hydras
  An anaconda (Lair:6)
  A merfolk aquamancer (Shoals:4)
  2 dancing weapons (D:14)
  3 centaur warriors
  6 two-headed ogres
  2 satyrs (Shoals:3)
  9 death yaks
  An ogre mage (D:13)
  2 orc high priests
  Nergalle (D:11)
  2 deep elf knights (D:15)
  7 sea snakes
  A glowing orange brain (Shoals:1)
  A deep troll (D:15)
  7 unseen horrors
  A shadow demon (Lair:2)
  A wizard (D:9)
  A lindwurm (Lair:6)
  7 harpies
  7 orc knights
  5 orb spiders
  3 deep elf magi
  3 orc sorcerers
  An ugly thing (D:15)
  9 wolf spiders
  21 fauns
  5 cyclopes
  11 manticores
  9 elephants
  2 moths of wrath (Spider:2)
  4 merfolk sirens
  2 black mambas
  A spectral centaur (Gauntlet)
  An eye of devastation (Shoals:3)
  7 water nymphs
  7 cane toads
  A gargoyle (D:12)
  Maggie (D:7)
  A yaktaur (D:15)
  4 rime drakes
  A demonic crawler (Spider:2)
  A kobold demonologist (D:13)
  7 komodo dragons
  3 meliai (D:15)
  8 trolls
  11 jumping spiders
  A queen bee (Gauntlet)
  A tengu conjurer (D:15)
  A polar bear (shapeshifter) (D:14)
  5 merfolk
  5 wind drakes
  2 hornets
  3 blink frogs (Lair:4)
  3 slime creatures (D:13)
  3 dream sheep (Shoals:4)
  7 snapping turtles
  19 redbacks
  2 shadows
  3 water elementals
  2 wyverns
  10 tarantellas
  38 yaks
  A human (shapeshifter) (D:15)
  7 wraiths
  6 hogs (Lair:4)
  5 basilisks
  5 wargs
  A vampire mosquito (D:15)
  A two-headed ogre zombie (D:9)
  An acid dragon (D:12)
  13 water moccasins
  A floating eye (Shoals:3)
  41 orc warriors
  A black bear (Lair:1)
  3 phantoms
  9 sky beasts
  3 ice beasts
  An eye of draining (D:14)
  6 wolves (Lair:5)
  4 necrophages
  10 ogres
  13 centaurs
  2 big kobolds
  A gnoll sergeant (D:6)
  18 bullfrogs
  A water moccasin zombie (Ossuary)
  4 scorpions
  A wyvern skeleton (D:14)
  A troll zombie (D:9)
  12 killer bees
  4 howler monkeys
  10 wights
  2 electric eels
  A crimson imp (D:9)
  A bullfrog zombie (D:11)
  A quasit (D:7)
  6 centaur skeletons
  12 jellies
  8 hounds
  28 orc priests
  A bullfrog skeleton (D:6)
  22 orc wizards
  Ijyb (D:3)
  3 iguanas
  10 worker ants
  3 big kobold zombies (Ossuary)
  6 ogre zombies (D:9)
  A hound skeleton (D:9)
  2 mummies
  6 gnolls
  12 adders
  7 white imps
  6 ufetubi
  2 oozes (Lair:6)
  4 adder zombies (Ossuary)
  A worm (D:3)
  2 dart slugs
  7 leopard geckos
  99 orcs
  2 ball pythons (D:3)
  3 bats (D:1)
  5 giant cockroaches
  6 gnoll zombies
  11 goblins
  6 hobgoblins
  6 jackals
  3 quokkas
  5 frilled lizards
  2 goblin zombies (D:9)
  2 hobgoblin skeletons (D:9)
  8 hobgoblin zombies
  14 kobolds
  4 kobold zombies (Ossuary)
  A leopard gecko skeleton (D:6)
  3 orc skeletons (D:9)
  23 orc zombies
  6 rats
867 creatures vanquished.

Vanquished Creatures (collateral kills)
  Arachne (Spider:2)
  Agnes (Spider:2)
  Aizul (Lair:2)
  An ice dragon (Shoals:3)
  2 merfolk avatars (Shoals:4)
  2 sea snakes (Shoals:4)
  A faun (Shoals:3)
  A merfolk siren (Shoals:3)
  A water nymph (Shoals:4)
  5 merfolk
  3 snapping turtles (Shoals:4)
  4 redbacks
  A water elemental (Shoals:4)
  An orc warrior (D:10)
  6 wights
  An orc priest (D:15)
  2 orcs
34 creatures vanquished.

Vanquished Creatures (others)
  A merfolk siren (Shoals:4)
  A yak (Lair:6)
  9 dancing weapons
  A basilisk (Lair:6)
  A centaur (D:12)
  An orc wizard (Orc:2)
  3 white imps (IceCv)
  8 ufetubi (IceCv)
  An orc (Orc:1)
  22 fungi
  100 plants
  3 tentacles (Shoals:3)
  3 withered plants (D:3)
154 creatures vanquished.

Grand Total: 1055 creatures vanquished

Notes
Turn   | Place    | Note
-------+----------+-------------------------------------------
     0 | D:1      | OdinFK the Felid Enchanter began the quest for the Orb.
     0 | D:1      | Reached XP level 1. HP: 7/7 MP: 4/4
   568 | D:1      | Reached XP level 2. HP: 11/11 MP: 6/6
   571 | D:1      | Learned a level 2 spell: Ensorcelled Hibernation
  1000 | D:1      | Reached skill level 5 in Hexes
  1310 | D:2      | Found a faded altar of an unknown god.
  1523 | D:1      | Reached XP level 3. HP: 14/14 MP: 2/7
  1916 | D:2      | Reached skill level 1 in Ice Magic
  1938 | D:2      | Learned a level 3 spell: Dazzling Flash
  1954 | D:3      | Reached skill level 5 in Stealth
  1960 | D:3      | Found a transporter.
  1961 | D:3      | Found a transporter.
  2513 | D:3      | Found an ancient bone altar of Kikubaaqudgha.
  2513 | D:3      | Noticed Ijyb
  2575 | D:3      | Killed Ijyb
  2576 | D:3      | Reached XP level 4. HP: 18/18 MP: 4/8
  2785 | D:3      | Found an iron altar of Okawaru.
  2785 | D:3      | Found a bloodstained altar of Trog.
  2810 | D:4      | Noticed a phantom
  2935 | D:4      | Reached XP level 5. HP: 13/21 MP: 5/9
  2960 | D:4      | Noticed Grinder
  3063 | D:4      | Found a snail-covered altar of Cheibriados.
  3202 | D:4      | Found a hazy altar of Hepliaklqana.
  3296 | D:4      | Reached skill level 1 in Fighting
  3296 | D:4      | Reached skill level 1 in Conjurations
  3403 | D:5      | Entered Level 5 of the Dungeon
  3488 | D:5      | Noticed a sky beast
  3654 | D:5      | Noticed a sky beast
  3841 | D:3      | Noticed H0rd4k's ghost (amateur OpTm)
  3880 | D:4      | Slain by a centaur skeleton
  3881 | D:4      | Reached XP level 4. HP: -2/19 MP: 8/8
  3987 | D:5      | You fall into a shaft and drop 3 floors!
  4015 | D:8      | Found a sand-covered staircase.
  4022 | Ossuary  | Entered an ossuary
  4262 | Ossuary  | Reached XP level 5. HP: 17/22 MP: 7/9
  6270 | Ossuary  | Gained mutation: You are covered in thick fur. (AC +2)
                  | [Felid growth]
  6270 | Ossuary  | Reached XP level 6. HP: 26/26 MP: 10/10
  6503 | D:8      | Reached skill level 6 in Stealth
  6785 | D:7      | Noticed a sky beast
  6982 | D:6      | Noticed a sky beast
  7030 | D:6      | Noticed an orc warrior
  7231 | D:4      | Killed a sky beast
  7235 | D:4      | Reached skill level 5 in Dodging
  7235 | D:4      | Reached XP level 7. HP: 18/30 MP: 8/11
  7577 | D:5      | Found a hide-covered altar of Uskayaw.
  7678 | D:5      | Reached skill level 7 in Stealth
  8223 | D:5      | Reached skill level 1 in Evocations
  8237 | D:5      | Noticed a two-headed ogre
  8432 | D:6      | Reached XP level 8. HP: 34/34 MP: 10/12
  8607 | D:6      | Reached skill level 8 in Stealth
  8964 | D:6      | Learned a level 3 spell: Tukima's Dance
  9377 | D:6      | Killed from afar by a white imp
  9378 | D:6      | Reached XP level 7. HP: -1/32 MP: 11/11
  9466 | D:6      | Reached skill level 9 in Stealth
 10060 | D:7      | Reached skill level 10 in Hexes
 10060 | D:7      | Reached XP level 8. HP: 28/36 MP: 9/12
 10074 | D:7      | Noticed Maggie
 10281 | D:6      | Reached skill level 10 in Stealth
 10493 | D:7      | Found a basalt altar of Yredelemnul.
 10518 | D:7      | Found a staircase to the Ecumenical Temple.
 10528 | Temple   | Entered the Ecumenical Temple
 10583 | Temple   | Became a worshipper of Nemelex Xobeh the Trickster
 10687 | D:7      | Found a shimmering altar of Xom.
 10729 | D:7      | Killed Maggie
 11021 | D:8      | Reached XP level 9. HP: 39/39 MP: 13/13
 11234 | D:9      | Found a staircase to the Lair.
 11252 | D:9      | Noticed a troll
 11502 | D:8      | Killed a troll
 11503 | D:8      | Reached skill level 5 in Fighting
 11503 | D:8      | Reached skill level 5 in Unarmed Combat
 12205 | D:8      | Found a burning altar of Makhleb.
 12278 | D:9      | Reached skill level 11 in Stealth
 12950 | D:9      | Found a staircase to the Orcish Mines.
 13083 | D:9      | Found a sacrificial altar of Ru.
 13303 | D:9      | Reached XP level 10. HP: 35/44 MP: 10/14
 13648 | D:9      | Noticed a wizard
 13674 | D:9      | Found a hide-covered altar of Uskayaw.
 14217 | D:9      | Found a glowing silver altar of Zin.
 14508 | D:10     | Entered Level 10 of the Dungeon
 14589 | D:10     | Reached * piety under Nemelex Xobeh
 14711 | D:10     | Received a gift from Nemelex Xobeh
 14981 | D:10     | Reached skill level 12 in Stealth
 15489 | D:10     | Found Huoxat's Distillery.
 15795 | D:11     | Noticed an unseen horror
 15801 | D:11     | Killed an unseen horror
 15877 | D:11     | Noticed Nergalle
 15879 | D:11     | Reached ** piety under Nemelex Xobeh
 15883 | D:11     | Killed Nergalle
 15884 | D:11     | Reached XP level 11. HP: 50/50 MP: 15/15
 15968 | D:11     | Reached skill level 13 in Stealth
 16096 | D:11     | Noticed an unseen horror
 16101 | D:11     | Killed an unseen horror
 16267 | D:11     | Reached skill level 1 in Invocations
 16277 | D:11     | Found a sparkling altar of Nemelex Xobeh.
 16348 | D:11     | Noticed Erica
 16506 | D:11     | Received a gift from Nemelex Xobeh
 16522 | D:11     | Noticed a two-headed ogre
 16525 | D:11     | Killed a two-headed ogre
 17007 | D:9      | Killed a wizard
 17012 | D:9      | Identified the Compendium of Clay and the Birds
 17057 | Lair:1   | Entered Level 1 of the Lair of Beasts
 17084 | Lair:1   | Noticed a five-headed hydra
 17084 | Lair:1   | Noticed a death yak
 17086 | Lair:1   | Noticed a death yak
 17086 | Lair:1   | Noticed a death yak
 17087 | Lair:1   | Noticed a death yak
 17161 | Lair:1   | Noticed an eight-headed hydra
 17178 | Lair:1   | Killed an eight-headed hydra
 17209 | Lair:1   | Noticed a death yak
 17209 | Lair:1   | Noticed a death yak
 17253 | Lair:1   | Received a gift from Nemelex Xobeh
 17351 | Lair:1   | Killed a five-headed hydra
 17439 | Lair:1   | Reached *** piety under Nemelex Xobeh
 17515 | Lair:1   | Found a frozen archway.
 17525 | IceCv    | Entered an ice cave
 18021 | Lair:2   | Learned a level 2 spell: Blink
 18139 | Lair:2   | Reached skill level 1 in Translocations
 18178 | Lair:2   | Found a hole to the Spider Nest.
 18357 | Lair:2   | Killed a death yak
 18358 | Lair:2   | Gained mutation: Your thick and shaggy fur keeps you warm.
                  | (AC +3, rC+) [Felid growth]
 18358 | Lair:2   | Reached XP level 12. HP: 55/55 MP: 10/16
 18504 | Lair:2   | Noticed a five-headed hydra
 18513 | Lair:2   | Killed a five-headed hydra
 18691 | Lair:3   | Reached skill level 14 in Stealth
 18718 | Lair:3   | Reached **** piety under Nemelex Xobeh
 18804 | Lair:3   | Found a staircase to the Shoals.
 18878 | Lair:3   | Received a gift from Nemelex Xobeh
 19206 | Lair:4   | Received a gift from Nemelex Xobeh
 19320 | Lair:4   | Reached skill level 10 in Dodging
 19627 | Lair:4   | Noticed a catoblepas
 19833 | Lair:4   | Noticed Kirke
 20120 | Lair:5   | Noticed a five-headed hydra
 20130 | Lair:5   | Killed a five-headed hydra
 20155 | Lair:5   | Reached ***** piety under Nemelex Xobeh
 20267 | Lair:5   | Reached skill level 15 in Hexes
 20309 | Lair:5   | Reached skill level 15 in Stealth
 20469 | Lair:5   | Received a gift from Nemelex Xobeh
 20553 | Lair:6   | Entered Level 6 of the Lair of Beasts
 20553 | Lair:6   | Noticed a death yak
 20553 | Lair:6   | Noticed a death yak
 20553 | Lair:6   | Noticed a death yak
 20555 | Lair:6   | Killed a death yak
 20593 | Lair:5   | Killed a death yak
 20594 | Lair:5   | Reached XP level 13. HP: 60/60 MP: 9/17
 20691 | Lair:6   | Found a gate leading to a gauntlet.
 20716 | Gauntlet | Entered a Gauntlet
 20716 | Gauntlet | Found a transporter.
 20716 | Gauntlet | Found a transporter.
 20718 | Gauntlet | Found a transporter.
 20719 | Gauntlet | Found a transporter.
 20721 | Gauntlet | Found a transporter.
 20761 | Gauntlet | Found a transporter.
 20764 | Gauntlet | Found a transporter.
 20764 | Gauntlet | Found a transporter.
 20777 | Gauntlet | Noticed a blizzard demon
 20781 | Gauntlet | Found a transporter.
 20793 | Gauntlet | Found a runed translucent door.
 20794 | Gauntlet | Found a transporter.
 20795 | Gauntlet | Found a runed translucent door.
 20802 | Gauntlet | Noticed a dire elephant
 20804 | Gauntlet | Found a transporter.
 20813 | Gauntlet | Found a transporter.
 20854 | Gauntlet | Found a transporter.
 20862 | Gauntlet | Found a runed translucent door.
 20862 | Gauntlet | Found a runed translucent door.
 20867 | Gauntlet | Found a transporter.
 20915 | Gauntlet | Reached skill level 16 in Stealth
 21283 | Gauntlet | HP: 2/59 [poisoned by a death drake (dark miasma)]
 21283 | Gauntlet | Slain by a spectral wolf spider
 21284 | Gauntlet | Reached XP level 12. HP: -3/56 MP: 16/16
 21440 | Lair:6   | Killed a death yak
 21621 | Lair:6   | Received a gift from Nemelex Xobeh
 21625 | Lair:6   | Noticed a six-headed hydra
 21633 | Lair:6   | Killed a six-headed hydra
 21638 | Lair:6   | Found a staircase to the Slime Pits.
 21728 | Lair:6   | Reached skill level 5 in Translocations
 22082 | Lair:6   | Noticed an anaconda
 22092 | Lair:6   | Killed an anaconda
 22110 | Lair:6   | Noticed a dire elephant
 22337 | Lair:1   | Killed a death yak
 22356 | Lair:1   | Killed a death yak
 22465 | Lair:1   | Killed a death yak
 22492 | Lair:1   | Killed a death yak
 22713 | Lair:1   | Killed a death yak
 22789 | Lair:1   | Reached XP level 13. HP: 60/61 MP: 17/17
 23156 | D:12     | Received a gift from Nemelex Xobeh
 23315 | D:12     | Received a gift from Nemelex Xobeh
 23539 | D:12     | Received a gift from Nemelex Xobeh
 23707 | D:12     | Reached ****** piety under Nemelex Xobeh
 23756 | D:12     | Found Koosel's Magic Scroll Emporium.
 23767 | D:12     | Bought a scroll of fog for 26 gold pieces
 23767 | D:12     | Bought a scroll of silence for 97 gold pieces
 23767 | D:12     | Bought a scroll of holy word for 97 gold pieces
 24062 | D:13     | Received a gift from Nemelex Xobeh
 24161 | D:13     | Noticed a fire dragon
 24162 | D:13     | Killed a fire dragon
 24163 | D:13     | Reached skill level 10 in Fighting
 24282 | D:13     | Identified 2 scrolls of acquirement
 24757 | D:13     | Received a gift from Nemelex Xobeh
 24830 | D:14     | Reached skill level 17 in Stealth
 24889 | D:14     | Found a gate to the Vaults.
 25700 | D:15     | Entered Level 15 of the Dungeon
 25797 | D:15     | Received a gift from Nemelex Xobeh
 26187 | D:15     | HP: 2/62 [redback[a deep elf mage] (11)]
 26504 | D:15     | Reached XP level 14. HP: 66/66 MP: 18/18
 26591 | D:15     | Found the +8 orange crystal plate armour {Archmagi, Int+3
                  | Clar}
 26802 | Orc:1    | Entered Level 1 of the Orcish Mines
 27096 | Orc:2    | Entered Level 2 of the Orcish Mines
 27096 | Orc:2    | Received a gift from Nemelex Xobeh
 27127 | Orc:2    | Noticed Josephine
 27496 | D:9      | Killed Josephine
 27780 | Orc:2    | Reached skill level 18 in Stealth
 27857 | Orc:2    | Noticed Saint Roka
 28186 | Orc:1    | Received a gift from Nemelex Xobeh
 28352 | Orc:1    | You fall into a shaft and drop 1 floor!
 28354 | Orc:2    | Noticed an orc warlord
 29607 | Orc:2    | Noticed Rupert
 29708 | D:9      | Acquired 886 gold pieces
 29709 | D:9      | Acquired Sif Muna's Papyrus of the Enthralling Frostbite
 29857 | Spider:1 | Entered Level 1 of the Spider Nest
 29884 | Spider:1 | Noticed Aizul
 29893 | Spider:1 | Received a gift from Nemelex Xobeh
 30453 | Shoals:1 | Entered Level 1 of the Shoals
 31868 | Shoals:1 | Reached skill level 19 in Stealth
 32040 | Shoals:1 | Noticed a ghost moth
 32040 | Shoals:1 | a merfolk avatar changed into a ghost moth
 32041 | Shoals:1 | a ghost moth changed into a glowing orange brain
 32131 | Shoals:1 | Noticed a kraken
 32335 | Shoals:2 | Received a gift from Nemelex Xobeh
 32554 | Shoals:2 | Found Xackug's Weapon Shoppe.
 32987 | Shoals:3 | Noticed a kraken
 32987 | Shoals:3 | Noticed a kraken
 32987 | Shoals:3 | Noticed a kraken
 32987 | Shoals:3 | Noticed a kraken
 33476 | Shoals:3 | Received a gift from Nemelex Xobeh
 33531 | Shoals:3 | Reached XP level 15. HP: 70/70 MP: 19/19
 33927 | Shoals:3 | Noticed a kraken
 34237 | Shoals:4 | Entered Level 4 of the Shoals
 34330 | Shoals:4 | Reached skill level 5 in Evocations
 34386 | Shoals:4 | Reached skill level 5 in Invocations
 34775 | Shoals:4 | Received a gift from Nemelex Xobeh
 37038 | Lair:6   | Identified Sif Muna's Reference Book on Dislocated
                  | Confrontation
 37350 | Lair:2   | Killed from afar by Aizul
 37351 | Lair:2   | Reached XP level 14. HP: -11/68 MP: 19/19
 37407 | Lair:2   | Killed Aizul
 37514 | Spider:1 | Received a gift from Nemelex Xobeh
 37576 | Spider:1 | Noticed Jorgrun
 37815 | Spider:2 | Noticed Agnes
 38027 | Spider:2 | Received a gift from Nemelex Xobeh
 38121 | Spider:2 | Noticed Frances
 38250 | Spider:2 | Noticed Donald
 38268 | Spider:2 | Noticed Donald
 38268 | Spider:2 | Donald changed into Donald the fire dragon
 38275 | Spider:2 | Killed Donald the fire dragon
 38317 | Spider:2 | Noticed Asterion
 38357 | Spider:2 | Noticed Arachne
 38422 | Spider:3 | Noticed Mara
 38789 | Spider:2 | Received a gift from Nemelex Xobeh
 38982 | Spider:2 | Killed Arachne
 38983 | Spider:2 | Reached skill level 15 in Dodging
 39248 | Spider:2 | Reached XP level 15. HP: 61/72 MP: 16/20
 39485 | Spider:2 | Killed Agnes
 39976 | Spider:2 | Received a gift from Nemelex Xobeh
 40120 | Spider:3 | Noticed a ghost moth
 40127 | Spider:3 | Killed a ghost moth
 40531 | Spider:3 | Noticed Bai Suzhen
 40841 | Spider:1 | Reached skill level 20 in Stealth
 40914 | Spider:1 | Received a gift from Nemelex Xobeh
 41202 | Orc:2    | Paralysed by Rupert for 7 turns
 41219 | Orc:2    | Killed Rupert
 41420 | Orc:2    | Noticed Snorg
 41794 | Orc:2    | Killed Snorg
 41858 | Orc:2    | Found a staircase to the Elven Halls.
 42051 | Orc:2    | Found a roughly hewn altar of Beogh.
 42090 | Orc:2    | Found Tihiwk's Gadget Emporium.
 42097 | Orc:2    | Bought a condenser vane for 640 gold pieces
 42104 | Orc:2    | Found Biq Qop's Gadget Shoppe.
 42134 | Orc:2    | Bought a phantom mirror for 400 gold pieces
 42149 | Orc:2    | Reached skill level 10 in Unarmed Combat
 42203 | Orc:2    | Received a gift from Nemelex Xobeh
 42751 | Orc:2    | Shot with a bolt by Saint Roka

Illustrated notes

Levels and vault maps discovered:
D:1:      matt_arrival_debris, layout_basic, st_stairs_12
D:2:      minmay_wonky_spiral, layout_rooms, chequers_ecumenical_altar_simple
D:3:      layout_loops_ring, gammafunk_temple_overflow_wave,
          kiku_gazebo_garden_becter, gammafunk_ghost_gnarly_gnolls,
          minivault_26, uniq_ijyb
D:4:      layout_rooms, lemuel_doored_altar, kennysheep_slug_shrine,
          minmay_goblin_outpost, uniq_grinder
D:5:      kennysheep_big_flooded_room, layout_loops_ring, basic_altar,
          serial_bayou_pond_a
D:6:      layout_loops_ring, minmay_misc_feat_encased
D:7:      layout_rooms, marbit_many_paths, lemuel_zombie_altar_yredelemnul,
          minmay_temple_entry_poolview, uniq_maggie
D:8:      cheibrodos_helix_gallery, layout_gridville, gup_ossuary_entry_pyramid,
          david_defended_altar_orc
D:9:      layout_cave_pools, general_overflow_altar, grunt_temple_overflow_open,
          erik_lair_orcish_takeover, zombieorc2_lemuel, enter_bailey_5,
          serial_column_ruins, column_ruins_hut_pillars, column_ruins_hut,
          column_ruins_open_small, column_ruins_columns_corner,
          column_ruins_columns_dead_end, column_ruins_columns_T,
          column_ruins_columns_dead_end, lightli_wizard_tower
D:10:     layout_long_grid, serial_shops, nicolae_shop_crystal
D:11:     layout_basic, nemelex_xobeh_ov_fountains_minmay, uniq_erica,
          uniq_nergalle
D:12:     layout_gridville, serial_shops, shop_statue
D:13:     layout_layer_cave, chequers_jeans, minmay_checkerbox
D:14:     layout_basic, erik_vaults_1, serial_bayou_pond_c,
          hangedman_decor_clover_reticule
D:15:     grunt_enter_depths_snipers, layout_cave_pools, minmay_crystal_water,
          minmay_the_grid_2x2 [minmay_the_grid_rooms, minmay_the_grid_empty,
          minmay_the_grid_all_tris, minmay_the_grid_prize_shrinking_boxes]
Temple:   nicolae_temple_x_marks_the_god
Lair:1:   layout_cave_pods, portal_ice_cave_entry_pillars_1
Lair:2:   layout_roguey, spider_nest_entry_web_field, grunt_megastairs_3
Lair:3:   layout_chaotic_city, elwin_shoals_entry_rocks
Lair:4:   layout_loops_ring, uniq_kirke
Lair:5:   layout_big_grid, lemuel_fruit_tree, minmay_lair_oklob_chamber,
          serial_bayou_shore_a, infiniplex_staircase_pool, grunt_megastairs_1
Lair:6:   due_jungle_book, layout_big_grid, nicolae_slime_entry_slimehenge,
          gauntlet_entry_generic, serial_bayou_shore_b, grunt_megastairs_5
Shoals:1: layout_shoals, nicolae_shoals_cliffside_cave
Shoals:2: layout_shoals, serial_shops, nicolae_shop_behind_doors
Shoals:3: layout_shoals, nicolae_shoals_kraken_party
Shoals:4: shoals_end_simple, layout_shoals
Spider:1: layout_spider_delve, drop_trap, uniq_aizul, uniq_jorgrun
Spider:2: layout_chambers, uniq_frances, uniq_arachne, uniq_agnes,
          uniq_asterion, uniq_donald
Spider:3: layout_spider_delve, spiders_nest_the_unseen, uniq_bai_suzhen,
          uniq_mara
Orc:1:    layout_caves
Orc:2:    pubby_orc_utopia, uniq_saint_roka, uniq_josephine, uniq_snorg,
          uniq_rupert

Skill      XL: |  1  2  3  4  5  6  7  8  9 10 11 12 13 14 15 |
---------------+----------------------------------------------+-----
Dodging        | 3 4 5 7 8 9 11 13 15 | 15.5
Hexes          | 5 6 7 10 11 12 13 15 16 18 19 | 19.3
Ice Magic      | 1 2 3 4 |  4.0
Stealth        | 5 6 9 10 11 12 13 15 17 19 20 | 20.2
Fighting       | 1 2 3 4 5 7 8 9 10 11 12 | 12.3
Conjurations   | 1 2 3 |  3.0
Unarmed Combat | 2 3 4 5 6 7 8 10 | 10.0
Evocations     | 1 2 3 4 5 |  5.0
Invocations    | 2 3 4 6 5 |  6.0
Translocations | 1 6 |  6.0
Spellcasting   | |  2.0

Action                   |  1- 3 |  4- 6 |  7- 9 | 10-12 | 13-15 || total
-------------------------+-------+-------+-------+-------+-------++-------
Melee: Unarmed           |    79 |   215 |   388 |   421 |   882 ||  1985
       Bite              |     2 |    16 |    33 |    38 |    81 ||   170
       Punch             |       |     2 |     8 |    11 |    38 ||    59
 Cast: Corona            |     6 |    37 |    63 |    43 |    46 ||   195
       Ensorcelled Hiber |    41 |    33 |   147 |   206 |   397 ||   824
       Tukima's Dance    |       |       |     3 |     3 |    41 ||    47
       Dazzling Flash    |       |       |     1 |    44 |    84 ||   129
       Blink             |       |       |       |       |    34 ||    34
Invok: Draw Destruction  |       |       |       |       |    50 ||    50
       Draw Summoning    |       |       |       |       |    20 ||    20
Evoke: Wand              |       |       |     3 |       |    17 ||    20
       Box of beasts     |       |       |       |       |     1 ||     1
  Use: Scroll            |       |     2 |     7 |    14 |    23 ||    46
       Potion            |       |       |     1 |     1 |    11 ||    13
 Stab: Sleeping          |    33 |    36 |    85 |   161 |   287 ||   602
       Distracted        |       |       |     4 |     6 |     9 ||    19
       Invisible         |       |       |     1 |    21 |    57 ||    79
       Petrified         |       |       |       |       |     2 ||     2
Armor: Skin              |     4 |     6 |    34 |    21 |    50 ||   115
Dodge: Dodged            |    45 |   152 |   364 |   330 |  1179 ||  2070
